 Dungeon Crawl Stone Soup version 0.13-a0-2923-g04ac8d1 (webtiles) character file.

1088 4tharraofdagon the Chopper (level 7, -3/66 HPs)
             Began as a Deep Dwarf Berserker on Sept 2, 2013.
             Was a Believer of Trog.
             Slain by an orc warrior
             ... wielding a +0,+1 orcish trident
              (18 damage)
             ... while paralysed by a potion of paralysis
             ... on Level 8 of the Dungeon.
             The game lasted 00:04:46 (938 turns).

4tharraofdagon the Chopper (Deep Dwarf Berserker)    Turns: 938, Time: 00:04:46

HP  -3/66        AC  9     Str 22      XL: 7   Next: 91%
MP   6/6         EV  2     Int  8      God: Trog [**....]
Gold 131         SH  0     Dex 12      Spells:  0 memorised,  6 levels left

Res.Fire  : . . .   See Invis. : .   a - +0 dwarf hand axe {=f}
Res.Cold  : . . .   Warding    : .   g - +0 elf chain mail
Life Prot.: . . .   Conserve   : .   (no shield)
Res.Poison: .       Res.Corr.  : .   (no helmet)
Res.Elec. : .       Clarity    : .   (no cloak)
Sust.Abil.: . .     Spirit.Shd : .   (no gloves)
Res.Mut.  : .       Stasis     : .   (no boots)
Res.Rott. : .       Flight     : .   (no amulet)
Saprovore : . . .                    (no ring)
                                     (no ring)

@: paralysed, non-regenerating, heavily drained, very resistant to hostile
enchantments, extremely unstealthy
A: damage resistance, recharge devices, sense surroundings 1, slow healing 3
a: Device Recharging, Burn Spellbooks, Berserk, Trog's Hand, Renounce Religion


You were on level 8 of the Dungeon.
You worshipped Trog.
Trog was most pleased with you.
You were hungry.

You visited 1 branch of the dungeon, and saw 8 of its levels.

You collected 111 gold pieces.

Inventory:

Hand weapons
 a - a +0,+0 dwarven hand axe (weapon) {=f}
 e - a +0,+0 hand axe (quivered)
Armour
 b - a +0 animal skin
 g - a +0 elven chain mail (worn)
Magical devices
 c - a wand of heal wounds (4)
 q - a wand of fireball (6) {unknown}
Comestibles
 d - 2 bread rations
 i - a meat ration
 n - an apple
 r - a chunk of bat flesh
Scrolls
 f - 3 scrolls of teleportation {unknown}
 h - a scroll of enchant armour {unknown}
 j - a scroll of curse jewellery {unknown}
 l - a scroll of recharging {unknown}
 m - a scroll of magic mapping {unknown}
Potions
 k - a potion of restore abilities {unknown}
 o - a potion of resistance {unknown}


   Skills:
 + Level 5.1(3.1) Fighting
 * Level 7.7(5.6) Axes
 + Level 5.2(3.2) Armour
 - Level 2.1(0.3) Dodging


You had 6 spell levels left.
You didn't know any spells.

Dungeon Overview and Level Annotations

Branches:
Dungeon (8/27)
 Temple: D:4-7          Orc: D:6-11        Lair: D:8-13

Altars:


Innate Abilities, Weirdness & Mutations

You are resistant to damage.
You can recharge devices by infusing magical energy.
You passively map a small area around you.
You do not heal naturally.


Message History

The orc wizard gestures at you while chanting.
The magic dart hits you!
The orc wizard gestures at you while chanting.
The magic dart hits you!
* * * LOW HITPOINT WARNING * * *
Drink which item? (? for menu, Esc to quit)
You suddenly lose the ability to move!
It was a potion of paralysis.
Your skin is crawling a little less now.
The orc wizard casts a spell at you. The magic dart hits you!
* * * LOW HITPOINT WARNING * * *
The orc warrior hits you but does no damage.
The orc wizard hits you but does no damage.
You feel drained.
The orc wizard hits you with an orcish dagger of draining.
* * * LOW HITPOINT WARNING * * *
You feel drained.
The orc hits you from afar with an orcish trident.
The orc warrior hits you from afar with an orcish trident!
You die...

* .......#.....* , ,
#.............. , ,
................ ,
###.............#
...............#. , #.
#.......#........# ,
*#.##........<.....#.
..#......o............. ,
........@#...##..##.#. ,
...###..o#.......# , ..
#..oo#......###.#.#. ,
,...##.........((........
,
............(#...###.....
.#....#......(......... ,
##.........%(#.#.#.#.
*#...#..#..#.#.#..[ ,
#........(.)#.# #.#,


You could see an orc warrior, 2 orc wizards and an orc.

Vanquished Creatures
  The ghost of katzbalger the Skirmisher, an average DsFi (D:4)
  A centaur (D:8)
  A phantom (D:7)
  A giant frog (D:8)
  6 killer bees (D:8)
  A crimson imp (D:4)
  A hound (D:4)
  2 orc priests
  A worker ant (D:4)
  2 orc wizards
  A killer bee zombie (D:7)
  3 adders
  3 gnolls (D:4)
  A worm (D:2)
  3 giant geckos
  7 orcs
  A ball python (D:1)
  A giant cockroach (D:2)
  2 hobgoblins
  6 kobolds
  A bat (D:8)
  2 giant newts (D:2)
  A goblin (D:7)
  A kobold skeleton (D:6)
  5 rats
55 creatures vanquished.

Notes
Turn   | Place    | Note
--------------------------------------------------------------
     0 | D:1      | 4tharraofdagon, the Deep Dwarf Berserker, began the quest for the Orb.
     0 | D:1      | Reached XP level 1. HP: 21/21 MP: 0/0
    42 | D:1      | Reached XP level 2. HP: 21/28 MP: 1/1
   202 | D:2      | Acquired Trog's second power
   203 | D:2      | Reached skill level 4 in Axes
   203 | D:2      | Reached XP level 3. HP: 28/36 MP: 2/2
   399 | D:3      | Reached XP level 4. HP: 29/43 MP: 3/3
   452 | D:4      | Noticed katzbalger's ghost (average DsFi)
   485 | D:4      | Killed katzbalger's ghost
   485 | D:4      | Reached skill level 5 in Axes
   485 | D:4      | Reached XP level 5. HP: 27/50 MP: 4/4
   523 | D:4      | Reached XP level 6. HP: 57/57 MP: 5/5
   588 | D:4      | Reached skill level 6 in Axes
   629 | D:5      | Entered Level 5 of the Dungeon
   731 | D:7      | Reached XP level 7. HP: 43/64 MP: 6/6
   847 | D:8      | Reached skill level 7 in Axes
   852 | D:8      | Reached skill level 5 in Armour
   860 | D:8      | Reached skill level 5 in Fighting
   935 | D:8      | Paralysed by a potion of paralysis for 5 turns
   938 | D:8      | Slain by an orc warrior

Action                   |  1- 3 |  4- 6 |  7- 9 || total
-------------------------+-------+-------+-------++-------
Melee: Hand axe          |    62 |    80 |    47 ||   189
Invok: Berserk           |     2 |     4 |     1 ||     7
       Trog's Hand       |       |     3 |     6 ||     9
Evoke: Wand              |       |     1 |       ||     1
  Use: Potion            |       |       |     1 ||     1
